 Dungeon Crawl Stone Soup version 0.31-a0-532-g28f74ba3e5 (webtiles) character file.

Game seed: 14728003644889285353

394 avis the Cleaver (level 6, -8/52 HPs)
             Began as a Hill Orc Monk on Aug 12, 2023.
             Was a Believer of Beogh.
             Mangled by an ogre
             ... wielding a +0 giant club
              (29 damage)
             ... on level 4 of the Dungeon.
             The game lasted 00:13:27 (3327 turns).

avis the Cleaver (Hill Orc Monk)                    Turns: 3327, Time: 00:13:28

Health: -8/52      AC:  9    Str: 16    XL:     6   Next: 82%
Magic:  6/6        EV:  7    Int: 10    God:    Beogh [**....]
Gold:   100        SH:  0    Dex: 13    Spells: 3/5 levels left

rFire   . . .        a - +1 hand axe (heavy)
rCold   . . .        d - orb {light}
rNeg    . . .        A - +0 chain mail
rPois   .            (no helmet)
rElec   .            (no cloak)
rCorr   .            (no gloves)
SInv    .            n - +0 pair of boots
Will    .....        (no amulet) Stlth
                     (no ring)
HPRegen 0.28/turn    (no ring)
MPRegen 0.10/turn

%: no passive effects
@: glowing
A: no striking features
a: Renounce Religion, Smiting


You were on level 4 of the Dungeon.
You worshipped Beogh.
Beogh was pleased with you.
You visited 1 branch of the dungeon, and saw 4 of its levels.

You collected 100 gold pieces.

Inventory:

Hand Weapons
 a - a +1 heavy hand axe (weapon)
 b - a +2 mace of holy wrath
 j - a +0 scythe
 k - a +0 sling
 o - a +0 spear
 t - a +0 spear
 u - a +1 dagger of venom
 y - a +0 trident
 B - a +0 hand axe
 C - a +0 flail of holy wrath
 D - a +0 spear
Missiles
 v - 11 poisoned darts
Armour
 d - an orb of light (worn)
 g - a +0 robe
 n - a +0 pair of boots (worn)
 w - a +0 ring mail
 A - a +0 chain mail (worn)
 E - a +0 chain mail
Talismans
 l - a maw talisman
Scrolls
 e - a scroll of noise {unknown}
 h - 3 scrolls of identify {unknown}
 m - a scroll of enchant armour {unknown}
 p - a scroll of immolation {unknown}
 r - 2 scrolls of revelation {unknown}
 s - a scroll of blinking {unknown}
Potions
 c - a potion of ambrosia
 f - 2 potions of attraction {unknown}
 i - a potion of mutation {unknown}
 q - a potion of invisibility {unknown}
 x - a potion of enlightenment {unknown}
 z - a potion of haste {unknown}


   Skills:
 - Level 4.0 Fighting
 * Level 9.6 Axes
 + Level 0.2 Armour
 - Level 2.4 Dodging


You had 3 spell levels left.
You knew the following spells:

 Your Spells              Type           Power      Damage    Failure   Level
b - Blink                 Tloc           0%         N/A       100%        2

Your spell library contained the following spells:

 Spells                   Type           Power      Damage    Failure   Level
 Sandblast                Erth           0%         2d4       99%         1
 Lesser Beckoning         Tloc           0%         N/A       100%        2
 Momentum Strike          Conj/Tloc      0%         3d8       100%        2
 Passwall                 Tmut/Erth      0%         N/A       100%        2
 Stone Arrow              Conj/Erth      0%         3d7       100%        3


Dungeon Overview and Level Annotations

Branches:
Dungeon (4/15)
 Temple: D:4-7

Altars:
Ashenzari
Sif Muna


Message History

You kill the adder!
Beogh accepts your kill.
v - 11 poisoned darts (gained 3)
f - 2 bubbling white potions (gained 1)
You open the door.
A hobgoblin comes into view.
The hobgoblin shouts!
There is an open door here.
You slash the hobgoblin!
You kill the hobgoblin!
Beogh accepts your kill.
You see here a hobgoblin corpse.
A ball python comes into view.
The ball python hisses angrily.
You see here a hobgoblin corpse.
There is an open door here.
You hit the ball python.
The ball python is severely wounded.
The ball python bites you but does no damage.
The ball python grabs you. The ball python constricts you.
You hit the ball python.
You kill the ball python!
Beogh accepts your kill.
Found a stone staircase leading down.
An ogre comes into view. It is wielding a +0 giant club.
The ogre shouts!
You slash the ogre!
The ogre is moderately wounded.
The ogre hits you with a +0 giant club!
You hit the ogre but do no damage.
The ogre is moderately wounded.
The ogre hits you with a +0 giant club!!
You slash the ogre!
The ogre is severely wounded.
The ogre barely misses you.
You barely miss the ogre.
The ogre is severely wounded.
The ogre hits you with a +0 giant club!!
Ouch! That really hurt!
You die...

#.# #.#.##.#. #.#
#.#.##.#. #.# #.#.##.#.
###.# #.#.##.#. #. #...#
#.#.##.#. #.# # #...#
#......#. ..# ####..
#...########.####.
#.####..
.....####...............
.......
......O@.>########.#####
.....#
.....###...#######.#####
.....# ...
#................ .....#
. #.......^....####
.....# #..........†.....
.....# ####+++#####.####
)....# #.'†.. .#####
#.#### .# #.#


You could see an ogre.

Vanquished Creatures
  Sigmund (D:2)
  A scorpion (D:3)
  A hound (D:4)
  4 adders
  5 worms
  3 dart slugs
  8 orcs
  7 ball pythons
  6 bats
  5 endoplasms
  3 giant cockroaches
  5 goblins
  3 hobgoblins
  3 jackals (D:2)
  6 kobolds
  2 quokkas
  4 frilled lizards
  6 rats
73 creatures vanquished.

Notes
Turn   | Place    | Note
-------+----------+-------------------------------------------
     0 | D:1      | avis the Hill Orc Monk began the quest for the Orb.
     0 | D:1      | Reached XP level 1. HP: 19/19 MP: 1/1
   163 | D:1      | Reached XP level 2. HP: 24/26 MP: 2/2
   512 | D:1      | Reached skill level 5 in Axes
  1145 | D:2      | Reached XP level 3. HP: 31/31 MP: 3/3
  1619 | D:2      | Reached skill level 6 in Axes
  1736 | D:2      | Noticed Sigmund
  1750 | D:2      | Killed Sigmund
  1751 | D:2      | Reached skill level 8 in Axes
  1751 | D:2      | Reached XP level 4. HP: 36/39 MP: 4/4
  1751 | D:2      | Reached XP level 5. HP: 42/45 MP: 5/5
  1759 | D:2      | Reached XP level 6. HP: 29/51 MP: 6/6
  1798 | D:2      | Learned a level 2 spell: Blink
  1973 | D:3      | You fall into a shaft and drop 1 floor!
  2125 | D:3      | Found a broken altar of Ashenzari.
  2334 | D:3      | Found a shimmering blue altar of Sif Muna.
  2445 | D:3      | Reached skill level 9 in Axes
  2775 | D:3      | Became a worshipper of Beogh the Brigand
  2775 | D:3      | Reached * piety under Beogh
  2775 | D:3      | Reached ** piety under Beogh
  3327 | D:4      | Mangled by an ogre

Illustrated notes

Levels and vault maps discovered:
D:1:      dpeg_arrival_tiny_a, layout_basic
D:2:      layout_basic, chequers_serial_rivers_micro_c, roderic_serpentine_path,
          uniq_sigmund
D:3:      layout_basic, nicolae_sif_muna_condensation,
          cheibrodos_ashenzari_chains
D:4:      kennysheep_goblin_castle, layout_basic, kennysheep_vampire_church,
          uniq_pikel

Skill      XL: |  1  2  3  4  5  6 |
---------------+-------------------+-----
Axes           | 5 8 9 |  9.6
Fighting       | 4 |  4.0
Armour         | |  0.2
Dodging        | |  2.4

Action                     |  1- 3 |  4- 6 || total
---------------------------+-------+-------++-------
  Melee: Hand axe          |    45 |    64 ||   109
         Mace              |    53 |    30 ||    83
  Throw: Dart              |     5 |       ||     5
 Invoke: Convert to Beogh  |       |     1 ||     1
 Armour: Robe              |    24 |     3 ||    27
         Chain mail        |       |    15 ||    15
         Ring mail         |       |    14 ||    14
  Dodge: Dodged            |    68 |    27 ||    95

Table legend: (Time is in decaauts)
 A = Elapsed time spent in this place.
 B = Non-inter-level travel time spent in this place.
 C = Inter-level travel time spent in this place.
 D = Time resting spent in this place.
 E = Time spent auto-exploring this place.
 F = Levels seen in this place.
 G = Mean time per level.
                   A        B        C        D        E       F      G
               +--------+--------+--------+--------+--------+-----+--------+
         Total |   3353 |   3039 |    314 |    581 |   1613 |   4 |  838.2 |
       Dungeon |   3353 |   3039 |    314 |    581 |   1613 |   4 |  838.2 |
               +--------+--------+--------+--------+--------+-----+--------+

Top non-repeatable levels by time:
     D:1: 1045 daAuts
     D:2: 1022 daAuts
     D:3: 891 daAuts
     D:4: 394 daAuts
